Map: Croisement de Kairos EC

Players

zuka - Winner!

  • Race: Protoss Protoss
  • League: Master
  • Spawn Location: 5:00

ClownFiesTA

  • Race: Terran Terran
  • League: Master
  • Spawn Location: 11:00

VOD

Have the link to the VOD?

Description

Time

  • Played on: Jan. 13, 2019, 2:23 p.m.
  • Length: 9:54
Show
View Real Time Build Order
Export as new Build Order

zuka Protoss - Winner!

Build Orders: Chargelot Immortal 

Get SALT Encoding   

  12  0:01  Probe  
  13  0:13  Probe  
  14  0:17  Pylon  
  14  0:22  Probe  
  15  0:31  Probe  
  16  0:38  Gateway  
  16  0:40  Probe  
  16  0:48  Assimilator  
  17  0:53  Probe  
  18  1:05  Probe  
  18  1:06  Pylon  
  19  1:16  Zealot  
  19  1:17  Probe  
  20  1:25  Cybernetics Core  
  20  1:32  Probe  
  23  1:49  Pylon  
  23  1:54  Stalker  
  23  1:56  Pylon  
  24  2:13  Nexus  
  24  2:14  Warp Gate  
  24  2:23  Assimilator  
  24  2:37  Probe  
  24  2:43  Stalker  
  27  2:49  Probe  
  27  2:50  Robotics Facility  
  28  3:01  Probe  
  29  3:14  Probe  
  30  3:20  Pylon  
  30  3:25  Sentry  
  30  3:26  Probe x2  
  34  3:29  Gateway  
  34  3:31  Gateway  
  34  3:32  Immortal  
  34  3:38  Probe  
  39  3:44  Probe  
  40  3:50  Probe  
  40  3:55  Probe  
  41  4:02  Probe  
  43  4:03  Probe  
  43  4:05  Pylon  
  44  4:11  Observer  
  44  4:15  Shield Battery  
  44  4:16  Twilight Council  
  45  4:17  Probe  
  45  4:19  Probe  
  47  4:26  Zealot  
  47  4:30  Probe  
  50  4:33  Pylon  
  50  4:34  Charge  
  50  4:40  Pylon  
  50  4:42  Probe  
  50  4:44  Probe  
  52  4:49  Assimilator  
  52  4:52  Assimilator  
  52  5:00  Zealot x2  
  52  5:02  Shield Battery  
  56  5:16  Immortal  
  56  5:17  Observer, Pylon  
  56  5:18  Gateway  
  56  5:19  Gateway  
  60  5:32  Stalker  
  60  5:34  Stalker  
  64  5:42  Pylon  
  64  5:43  Stalker  
  66  5:57  Immortal  
  66  5:59  Zealot  
  66  6:00  Zealot  
  74  6:07  Zealot  
  76  6:13  Zealot  
  76  6:17  Zealot  
  80  6:23  Zealot x2  
  59  6:33  Zealot  
  49  6:41  Stalker x2  
  49  6:42  Observer  
  49  6:43  Probe x2  
  49  6:44  Immortal  
  51  6:55  Probe x2  
  51  6:59  Zealot  
  51  7:01  Sentry x2  
  61  7:05  Zealot  
  61  7:07  Probe  
  66  7:15  Probe  
  66  7:19  Probe  
  66  7:21  Shield Battery  
  68  7:24  Observer  
  68  7:27  Probe  
  68  7:38  Probe  
  68  7:40  Zealot  
  68  7:42  Nexus  
  71  7:46  Forge  
  71  7:56  Zealot x2  
  71  7:57  Stalker, Zealot  
  79  8:02  Templar Archives  
  79  8:08  Stalker  
  81  8:14  Pylon  
  81  8:20  Stalker  
  81  8:24  Immortal  
  83  8:28  Stalker x2  
  91  8:47  Stalker x2  
  94  8:50  Stalker  
  80  8:56  Stalker x2  
  58  9:12  Zealot x2  
  58  9:13  Zealot  
  62  9:22  Zealot x2  
  52  9:28  Observer  
  38  9:34  Stalker  
  38  9:35  Stalker  
Show
View Real Time Build Order
Export as new Build Order

ClownFiesTA Terran 

Build Orders:  

Get SALT Encoding   

  12  0:00  SCV  
  13  0:12  SCV  
  14  0:17  Supply Depot  
  14  0:24  SCV  
  15  0:39  SCV  
  15  0:40  Barracks  
  16  0:45  Refinery  
  16  0:51  SCV  
  17  0:57  Refinery  
  17  1:03  SCV  
  18  1:15  SCV  
  19  1:29  Reaper  
  19  1:30  Orbital Command  
  20  1:40  Supply Depot  
  20  2:11  SCV  
  20  2:15  Factory  
  21  2:23  SCV  
  21  2:25  Bunker  
  22  2:31  Barracks Reactor  
  22  2:35  SCV  
  23  2:44  Supply Depot  
  23  2:47  SCV  
  24  3:02  SCV  
  24  3:05  Factory Tech Lab  
  24  3:06  Starport  
  24  3:07  Marine x2  
  24  3:12  Supply Depot  
  26  3:14  SCV  
  27  3:25  Marine x2  
  29  3:27  Siege Tank  
  29  3:29  SCV  
  33  3:42  SCV, Starport Tech Lab  
  33  3:44  Marine x2  
  36  3:55  SCV  
  37  3:58  Supply Depot  
  37  3:59  Siege Tank  
  41  4:04  Banshee  
  41  4:08  Cloaking Field  
  43  4:12  Marine  
  43  4:15  Marine  
  45  4:17  SCV  
  46  4:30  Marine  
  47  4:31  Siege Tank  
  47  4:32  Marine  
  47  4:33  Supply Depot  
  51  4:39  SCV  
  52  4:47  Banshee  
  55  4:55  SCV, Marine x2  
  55  4:56  Supply Depot  
  58  5:02  Supply Depot  
  58  5:10  Siege Tank  
  61  5:23  Marine  
  61  5:24  Marine  
  61  5:27  SCV  
  64  5:30  Banshee  
  67  5:41  Marine x2  
  67  5:42  Siege Tank  
  72  5:59  Marine x2  
  72  6:02  SCV  
  74  6:14  Siege Tank  
  63  6:32  Marine x2  
  43  6:39  Banshee  
  37  6:50  Marine x2  
  37  6:54  Siege Tank  
  38  6:55  SCV  
  39  7:07  SCV  
  39  7:08  Marine x2  
  42  7:19  SCV  
  43  7:25  Raven  
  43  7:26  Marine x2  
  47  7:31  SCV  
  47  7:34  Siege Tank  
  51  7:44  Marine x2  
  53  8:01  Marine x2  
  55  8:06  Siege Tank  
  58  8:19  SCV  
  59  8:31  SCV, Marine x2  
  62  8:44  Bunker  
  62  8:46  Bunker  
  38  9:03  Marine x2  
  33  9:15  SCV  
  27  9:30  Marine x2  
Tags
 
Add a new tag
Caveats
  • Supply blocks, unpowered buildings, or Contaminate may cause inaccurate times.
  • Supply counts are checked every 10 seconds.